 Dungeon Crawl Stone Soup version 0.31.0-32-g396128a36d (webtiles) character file.

Game seed: 8942717195006060390

2098 James the Skirmisher (level 9, 0/74 HPs)
             Began as a Grey Draconian Hunter on Mar 16, 2024.
             Was a Believer of Fedhas.
             Slain by a gnoll sergeant
             ... wielding a +0 trident
              (9 damage)
             ... on level 6 of the Dungeon.
             The game lasted 00:15:00 (5840 turns).

James the Skirmisher (Grey Draconian Hunter)        Turns: 5840, Time: 00:15:00

Health: 0/74       AC: 12    Str: 14    XL:     9   Next: 7%
Magic:  12/12      EV: 14    Int: 10    God:    Fedhas [**....]
Gold:   110        SH:  5    Dex: 18    Spells: 8/8 levels left

rFire   . . .        a - +0 shortbow (freeze)
rCold   . . .        (shield currently unavailable)
rNeg    . . .        (body armour unavailable)
rPois   .            (helmet restricted)
rElec   .            (no cloak)
rCorr   +            (no gloves)
SInv    .            (no boots)
Will    +....        B - amulet of reflection
Stlth   ++           H - ring of resist corrosion
HPRegen 0.32/turn    h - ring of willpower
MPRegen 0.13/turn

%: reflection
@: no status effects
A: AC +12, amphibious, unfitting armour, cold-blooded
a: Renounce Religion, Wall of Briars


You were on level 6 of the Dungeon.
You worshipped Fedhas.
Fedhas was pleased with you.
You visited 1 branch of the dungeon, and saw 6 of its levels.

You collected 200 gold pieces.
You spent 90 gold pieces at shops.

Inventory:

Hand Weapons
 a - a +0 shortbow of freezing (weapon)
 b - a +2 dagger of draining
   (You took it off a kobold on level 3 of the Dungeon)
 e - a +0 vampiric dagger {!w}
   (You took it off a kobold on level 4 of the Dungeon)
 f - a +1 hand axe of flaming
   (You found it on level 1 of the Dungeon)
 k - a +0 short sword
   (You took it off a kobold on level 1 of the Dungeon)
 n - a +1 hand axe of freezing
   (You took it off an orc on level 6 of the Dungeon)
 v - a +0 quarterstaff
   (You found it on level 3 of the Dungeon)
 z - a +2 heavy flail
   (You took it off Edmund on level 5 of the Dungeon)
 C - a +3 flail of draining
   (You took it off an orc on level 3 of the Dungeon)
 D - a +0 orcbow
   (You took it off a centaur on level 5 of the Dungeon)
 F - the +9 spear "Vahomioha" {freeze, rF+ Will+ Str+3 Stlth+}
   (You found it on level 6 of the Dungeon)

   Str+3:     It affects your strength (+3).
   rF+:       It protects you from fire.
   Will+:     It increases your willpower.
   Stlth+:    It makes you more stealthy.
Missiles
 g - 5 poisoned darts
 q - a throwing net {!f}
 u - 3 javelins
Armour
 i - a +1 buckler
   (You found it on level 1 of the Dungeon)
Jewellery
 h - a ring of willpower (right hand)
   (You found it on level 5 of the Dungeon)
 y - a ring of positive energy
   (You found it on level 3 of the Dungeon)
 A - a ring of ice
   (You found it on level 3 of the Dungeon)
 B - an amulet of reflection (around neck)
   (You took it off a hobgoblin on level 3 of the Dungeon)
 H - a ring of resist corrosion (left hand)
   (You found it on level 6 of the Dungeon)
Scrolls
 p - a scroll of teleportation {@r4}
 w - a scroll of butterflies
 E - a scroll of identify {@r1}
 G - a scroll of summoning
Potions
 c - a potion of lignification {!q}
 d - 3 potions of curing {@q1}
 j - a potion of mutation {!q}
 l - a potion of haste {@q3}
 m - 2 potions of ambrosia
 o - a potion of invisibility
 r - a potion of cancellation
 s - a potion of might
 t - 2 potions of brilliance
 x - a potion of heal wounds {@q2}


   Skills:
 + Level 5.1 Fighting
 * Level 9.5 Ranged Weapons
 + Level 4.2 Dodging
 - Level 0.8 Stealth
 + Level 4.1 Invocations


You had 8 spell levels left.
You didn't know any spells.
Your spell library contained the following spells:

 Spells                   Type           Power      Damage    Failure   Level
 Magic Dart               Conj           0%         1d3       36%         1
 Sting                    Conj/Alch      0%         1d3       36%         1
 Blink                    Tloc           0%         N/A       50%         2
 Call Imp                 Summ           0%         N/A       50%         2
 Lesser Beckoning         Tloc           0%         N/A       50%         2
 Mercury Vapours          Alch/Air       0%         N/A       50%         2
 Momentum Strike          Conj/Tloc      0%         3d8       50%         2
 Olgreb's Toxic Radiance  Alch           0%         N/A       98%         4


Dungeon Overview and Level Annotations

Branches:
Dungeon (6/15)
 Temple: D:4-7

Altars:
Dithmenos
Fedhas
Zin

Shops:
D:3 :

Annotations:
D:4 Pargi
D:6 3 runed translucent doors, nitefall's ghost, novice GrEE


Innate Abilities, Weirdness & Mutations

Your dull iron-grey scales are very hard. (AC +12)
You are amphibious.
You cannot fit into any form of body armour.
You are cold-blooded and may be slowed by cold attacks.


Message History

The arrow hits the bombardier beetle but does no damage.
The bombardier beetle bites you but does no damage.
You shoot an arrow.
The arrow hits the bombardier beetle but does no damage.
The gnoll sergeant misses you.
You shoot an arrow.
The arrow barely misses the bombardier beetle.
You block the gnoll sergeant's attack.
The bombardier beetle sprays incendiary fluid at you.
The burning spray hits you.
You are covered in liquid fire!
You shoot an arrow.
The arrow barely misses the bombardier beetle.
The liquid fire burns you!
The gnoll sergeant hits you from afar with a +0 trident.
You shoot an arrow.
The arrow barely misses the bombardier beetle.
The liquid fire burns you! The gnoll sergeant misses you.
The bombardier beetle sprays incendiary fluid at you.
The burning spray hits you.
You are even more covered in liquid fire!
You shoot an arrow. The arrow hits the bombardier beetle.
The arrow freezes the bombardier beetle.
You kill the bombardier beetle!
Fedhas appreciates your contribution to the ecosystem.
The liquid fire burns you!
The gnoll sergeant hits you from afar with a +0 trident!
* * * LOW HITPOINT WARNING * * *
You shake off some of the fire as you move.
The liquid fire burns you!
* * * LOW HITPOINT WARNING * * *
You shake off some of the fire as you move.
The liquid fire burns you!
* * * LOW HITPOINT WARNING * * *
You shake off some of the fire as you move.
The liquid fire burns you!
* * * LOW HITPOINT WARNING * * *
You shake off the liquid fire.
The gnoll sergeant attacks as it pursues you!
The gnoll sergeant barely misses you.
The gnoll sergeant attacks as it pursues you!
The gnoll sergeant hits you but does no damage.
The gnoll sergeant attacks as it pursues you!
The gnoll sergeant hits you from afar with a +0 trident!
* * * LOW HITPOINT WARNING * * *
The gnoll sergeant attacks as it pursues you!
The gnoll sergeant hits you from afar with a +0 trident!
You die...
Fedhas appreciates your contribution to the ecosystem.

........##.....#########..#.#
..#...............#.......#.#####
.g#.####.....####.#.####..#......
..#.#$.##...##.(#.#........######
..#.#...##.##...#.#........#
#.#.##...#.#.).##.#.[......#
#.#..##.'#.#).##..#........#
#.....###)..###...#.#####.##
##...†....8...g.@...# #.#
##...###...###...#.# #.# #..##
+#.#'.##..#.# #.# #.##
#.#...##.#.# #.# #.#
##.##...#.#.# #.# #.#
##...##..#.#.# #.#######
#.####.....####.#.# #........
#...............#.# #########
########..#######.#


You could see a gnoll sergeant.

Vanquished Creatures
  Grinder (D:4)
  A steam dragon (D:6)
  Edmund (D:5)
  A water moccasin (D:6)
  An ice beast (D:6)
  A black bear (D:4)
  An ogre (D:6)
  5 phantoms
  A centaur (D:5)
  A scorpion (D:6)
  A bombardier beetle (D:6)
  3 orc priests
  5 hounds
  A jelly (D:6)
  4 orc wizards
  6 iguanas
  3 gnolls
  8 adders
  4 dart slugs
  3 ribbon worms
  25 orcs
  5 bats
  5 endoplasms
  3 giant cockroaches
  5 goblins
  8 hobgoblins
  3 jackals (D:1)
  A quokka (D:1)
  5 ball pythons
  7 frilled lizards
  8 kobolds
  7 rats
134 creatures vanquished.

Vanquished Creatures (others)
  An ogre (D:6)
  A sleepcap (D:6)
2 creatures vanquished.

Grand Total: 136 creatures vanquished

Notes
Turn   | Place    | Note
-------+----------+-------------------------------------------
     0 | D:1      | James the Draconian Hunter began the quest for the Orb.
     0 | D:1      | Reached XP level 1. HP: 17/17 MP: 1/1
   115 | D:1      | Reached skill level 4 in Ranged Weapons
   124 | D:1      | Reached XP level 2. HP: 24/24 MP: 2/2
   722 | D:1      | Found a faded altar of an unknown god.
   884 | D:2      | Reached XP level 3. HP: 29/29 MP: 3/3
  1701 | D:2      | Reached skill level 5 in Ranged Weapons
  1831 | D:2      | Found a shadowy altar of Dithmenos.
  2073 | D:3      | Reached XP level 4. HP: 36/36 MP: 4/4
  2092 | D:3      | Found a blossoming altar of Fedhas.
  2105 | D:3      | Became a worshipper of Fedhas Madash
  2167 | D:3      | Found Yceqaab's Book Emporium.
  2904 | D:3      | Reached XP level 5. HP: 41/41 MP: 5/5
  2917 | D:3      | Found Zin's Purification Station.
  2920 | D:3      | Found a glowing silver altar of Zin.
  2923 | D:3      | Bought a potion of curing for 90 gold pieces
  2928 | D:3      | Reached * piety under Fedhas
  3050 | D:3      | Reached skill level 6 in Ranged Weapons
  3313 | D:4      | Noticed Pargi
  3416 | D:4      | Noticed Grinder
  3437 | D:4      | Killed Grinder
  3438 | D:4      | Reached skill level 7 in Ranged Weapons
  3438 | D:4      | Reached XP level 6. HP: 36/48 MP: 6/6
  3967 | D:5      | Entered Level 5 of the Dungeon
  3982 | D:4      | Your scales start taking on a dull iron-grey colour.
  3982 | D:4      | Reached XP level 7. HP: 15/56 MP: 7/7
  4231 | D:5      | Reached ** piety under Fedhas
  4233 | D:5      | Reached skill level 8 in Ranged Weapons
  4324 | D:5      | Reached skill level 1 in Invocations
  4473 | D:5      | Noticed Edmund
  4483 | D:5      | Killed Edmund
  4484 | D:5      | Reached XP level 8. HP: 45/63 MP: 5/9
  4856 | D:6      | Found a runed translucent gate.
  4857 | D:6      | Found a runed translucent gate.
  4858 | D:6      | Found a runed translucent gate.
  4998 | D:6      | Identified the +9 spear "Vahomioha" {freeze, rF+ Will+
                  | Str+3 Stlth+}
  5044 | D:6      | Noticed nitefall's ghost (novice GrEE)
  5428 | D:6      | Reached skill level 9 in Ranged Weapons
  5797 | D:6      | Reached skill level 5 in Fighting
  5797 | D:6      | Reached XP level 9. HP: 57/74 MP: 10/12
  5840 | D:6      | Slain by a gnoll sergeant

Illustrated notes

Levels and vault maps discovered:
D:1:      spicycebolla_green_bress_n_ham, layout_loops_corners,
          shapermc_ecumenical_altar_mp_ritualfount, patterned_corridor
D:2:      layout_basic, basic_altar, serial_bayou_ford_a,
          chequers_serial_rivers_room_b, serial_bayou_pond_e
D:3:      layout_loops_cross, mainiacjoe_overflow_brackets, zin_purify,
          serial_shops, shop
D:4:      layout_cave_pools, uniq_grinder, uniq_pargi
D:5:      layout_rooms, minmay_misc_feat_enclosed, uniq_edmund
D:6:      cheibrodos_barr_body, layout_basic, gammafunk_ghost_nasty_kobolds

Skill      XL: |  1  2  3  4  5  6  7  8 |
---------------+-------------------------+-----
Ranged Weapons | 4 5 7 8 9 |  9.5
Dodging        | 2 3 4 |  4.2
Fighting       | 3 5 |  5.1
Invocations    | 1 4 |  4.1
Stealth        | |  0.8

Action                     |  1- 3 |  4- 6 |  7- 9 || total
---------------------------+-------+-------+-------++-------
  Melee: Dagger            |       |       |    45 ||    45
         Tailslap          |       |       |     3 ||     3
   Fire: Shortbow          |   130 |   220 |   273 ||   623
 Invoke: Wall of Briars    |       |       |     2 ||     2
    Use: Scroll            |       |    15 |     4 ||    19
         Potion            |       |       |     4 ||     4
 Armour: Skin              |    29 |    89 |   132 ||   250
  Dodge: Dodged            |    34 |    71 |   107 ||   212
  Block: Other             |       |    14 |    24 ||    38
